 Dungeon Crawl Stone Soup version 0.29.1-1-gd02db6906a (webtiles) character file.

Game seed: 9521106158609824712

2 gzilladon the Chopper (level 1, -2/19 HPs)
             Began as a Hill Orc Monk on Sept 23, 2022.
             Slain by a gnoll
             ... wielding a +0 flail
             ... led by a gnoll sergeant
              (9 damage)
             ... on level 3 of the Dungeon.
             The game lasted 00:00:56 (194 turns).

gzilladon the Chopper (Hill Orc Monk)                Turns: 194, Time: 00:00:56

Health: -2/19      AC:  2    Str: 13    XL:     1   Next: 30%
Magic:  1/1        EV: 12    Int: 10    God:
Gold:   0          SH:  0    Dex: 13    Spells: 0/0 levels left

rFire   . . .      SeeInvis .   a - +0 hand axe
rCold   . . .      Faith    .   (no shield)
rNeg    . . .      Spirit   .   b - +0 robe
rPois   .          Reflect  .   (no helmet)
rElec   .          Harm     .   (no cloak)
rCorr   .          Rampage  .   (no gloves)
Will    .....                   (no boots)
Stlth   ++........              (no amulet)
HPRegen 0.06/turn               (no ring)
MPRegen 0.07/turn               (no ring)

@: no status effects
A: no striking features
a: no special abilities


You were on level 3 of the Dungeon.
You visited 1 branch of the dungeon, and saw 3 of its levels.

Inventory:

Hand Weapons
 a - a +0 hand axe (weapon)
Missiles
 g - 4 stones (quivered)
Armour
 b - a +0 robe (worn)
Scrolls
 d - a scroll of enchant weapon {unknown}
 e - 2 scrolls of identify {unknown}
 h - a scroll of fear {unknown}
Potions
 c - a potion of ambrosia
 f - a potion of lignification {unknown}


   Skills:
 + Level 3.6 Fighting
 + Level 4.0 Axes
 + Level 2.5 Dodging
 + Level 1.5 Stealth


You couldn't memorise any spells.
You didn't know any spells.
Your spell library contained the following spells:

 Spells                   Type           Power      Damage    Failure   Level
 Ensorcelled Hibernation  Hex/Ice        0%         N/A       50%         2
 Spider Form              Tmut/Pois      0%         N/A       75%         3
 Anguish                  Hex/Necr       0%         N/A       98%         4


Dungeon Overview and Level Annotations

Branches:
Dungeon (3/15)

Altars:


Message History

The kobold is severely wounded.
The kobold closely misses you.
You barely miss the kobold.
The kobold is severely wounded.
The kobold hits you but does no damage.
You closely miss the kobold.
The kobold is severely wounded.
The kobold barely misses you.
You hit the kobold.
You kill the kobold!
Things that are here:
a +0 short sword; a stone; a kobold corpse You start resting.
HP restored.
Found a short sword.
Found a viscous black potion.
f - a viscous black potion
Found 4 stones.
A worm comes into view.
You see here 4 stones.
g - 4 stones
Found a scroll labelled HAUTYM KUYGG.
A gnoll comes into view. It is wielding a +0 club.
h - a scroll labelled HAUTYM KUYGG A gnoll comes into view.
It is wielding a +0 halberd.
Found 7 stones.
A gnoll sergeant and a gnoll come into view.
Found a stone staircase leading up.
The gnoll sergeant shouts!
The gnoll shouts! x2
A gnoll comes into view. It is wielding a +0 halberd.
A gnoll comes into view. It is wielding a +0 club.
The gnoll shouts!
The gnoll hits you from afar with a +0 halberd.
The gnoll barely misses you. The gnoll barely misses you.
The gnoll hits you from afar with a +0 halberd!
Ouch! That really hurt!
The gnoll attacks as you move away! The gnoll barely misses you.
The gnoll attacks as you move away! The gnoll hits you with a +0 flail!
You die...

+# ..)............
............... ......#........
#.....#.......#
#.............######+####
+.............#.........######
#.............#...........g...
#.............#.....g..####g..
###..........@#........##.....
#####..........g#.g.g....##.....
#..............g#........#......
##........................#...g##
.................g...........g.#
...########........##...##.....#
........# ##....###............#
........####....###............#
...........................###...


You could see 3 gnolls.

Vanquished Creatures
  An endoplasm (D:2)
  A kobold (D:3)
2 creatures vanquished.

Notes
Turn   | Place    | Note
-------+----------+-------------------------------------------
     0 | D:1      | gzilladon the Hill Orc Monk began the quest for the Orb.
     0 | D:1      | Reached XP level 1. HP: 19/19 MP: 1/1
   163 | D:3      | Noticed a gnoll sergeant
   194 | D:3      | Slain by a gnoll

Illustrated notes

Levels and vault maps discovered:
D:1:      minmay_arrival_split_and_join, layout_basic,
          shapermc_ecumenical_altar_mp_vishouse, dk_noncrumbling_3
D:2:      layout_basic, uniq_terence
D:3:      layout_basic, tso_oasis_becter, serial_shops, shop

Action                   || total
-------------------------++-------
Melee: Hand axe          ||    10
Armor: Robe              ||     3
Dodge: Dodged            ||     8
